[Event "Early-Titled-Tuesday-Blitz-February-27-2024"]
[Site "Chess.com"]
[Date "2024.02.27"]
[Round "4"]
[White "NtcPou"]
[Black "Chessbard1972"]
[Result "0-1"]
[WhiteElo "2000"]
[BlackElo "2463"]
[TimeControl "180+1"]
[EndTime "8:38:27 PST"]
[Termination "Chessbard1972 won on time"]

1. e4 c5 2. Nf3 a6 3. c3 d5 4.
exd5 Qxd5 5. d4 Nf6 6. Na3 c4 7. Nxc4 Qd8 8. Bd3 Bg4 9. O-O e6 10. Re1 Be7 11. Nce5 Bh5 12. h3 O-O 13. g4 Bg6 14. Nxg6 hxg6 15. Bf4 Nc6 16. Bg3 Nd5 17. Ne5 Nxe5 18. Bxe5 Bg5 19. Qf3 Qb6 20. Re2 f5 21. Rae1 Rae8 22. c4 Nb4 23. Bb1 Nc6 24. c5 Qd8 25. Rd1 Nb4 26. Bd6 Rf7 27. Qb3 Nd5 28.
Rde1 Qd7 29. a3 Bf4 30. Ba2 Bxd6 31. cxd6 Qxd6 32. g5 Qf4 33. Qg3 Qxd4 34. Rxe6 Rxe6 35. Rxe6 Kh7 36. Qd6 Qd1+ 37. Kh2 Qf3 38. Bxd5 Qxf2+ 39. Bg2 f4 40. Qd1 f3 41. Qf1 fxg2 42. Qxg2 Qf4+ 43. Qg3 Qd2+ 44. Qg2 Rf2 0-1

[Event "Early-Titled-Tuesday-Blitz-February-27-2024"]
[Site "Chess.com"]
[Date "2024.02.27"]
[Round "4"]
[White "MyDream003"]
[Black "claudyna16"]
[Result "1-0"]
[WhiteElo "2708"]
[BlackElo "2468"]
[TimeControl "180+1"]
[EndTime "8:38:29 PST"]
[Termination "MyDream003 won by resignation"]

1. d4 Nf6 2. c4 g6 3. Nf3 Bg7 4.
g3 O-O 5. Bg2 d6 6. O-O Nc6 7. Nc3 e5 8. d5 Nb8 9. e4 a5 10. Rb1 Na6 11. Be3 b6 12. h3 Nc5 13.
Nd2 Ne8 14. a3 a4 15. Bxc5 dxc5 16. Nxa4 Nd6 17. b4 Bd7 18. Nxc5 bxc5 19. bxc5 Ne8 20. c6 Bc8 21. a4 f5 22. c5 Qe7 23. Qc2 Ra5 24.
Rb5 Ra8 25. Nc4 Ba6 26. Ra5 Bxc4 27. Rxa8 Bxf1 28. Kxf1 fxe4 29. Bxe4 Nf6 30. d6 Qf7 31. Rxf8+ Bxf8 32. d7 Be7 33. a5 Qf8 34. a6 Qa8 35. Qc4+ Kg7 36. Bf3 Qb8 37. Kg2 h5 38. Qe6 Bxc5 39.
Qxe5 Bd6 40. Qd4 Kf7 41. h4 Qa8 42. Qc4+ Ke7 43. Kg1 Qa7 44. Kg2 Qb6 45. Qe2+ Kf7 46. Qd3 Kg7 47. d8=Q Bc5 48. Qe2 1-0

[Event "Early-Titled-Tuesday-Blitz-February-27-2024"]
[Site "Chess.com"]
[Date "2024.02.27"]
[Round "4"]
[White "Winner_7777"]
[Black "mr_gustavo"]
[Result "1-0"]
[WhiteElo "2552"]
[BlackElo "2717"]
[TimeControl "180+1"]
[EndTime "8:38:30 PST"]
[Termination "Winner_7777 won by resignation"]

1. d4 Nf6 2. c4 g6 3. Nc3 d5 4. cxd5 Nxd5 5. e4 Nxc3 6. bxc3 Bg7 7. Be3 O-O 8. Qd2 c5 9. Nf3 Qa5 10. Rb1 Nd7 11. Bd3 cxd4 12. cxd4 Qxd2+ 13. Kxd2 b6 14. Rhc1 Nf6 15. Rc7 e6 16. Rbc1 Rd8 17. Ne5 Ne8 18.
Nc6 Nxc7 19. Nxd8 Ne8 20. Nc6 Bb7 21. e5 Bf8 22. Be4 Rc8 23. f3 f5 24. Ne7+ Bxe7 25. Bxb7 Rxc1 26. Kxc1 Nc7 27. Kc2 Kf7 28. Kb3 Ke8 29.
Bc6+ Kd8 30. Kc4 Ba3 31. Bg5+ Be7 32. h4 h5 33. g3 Bxg5 34. hxg5 h4 35. gxh4 Ke7 36.
f4 Kd8 37. a4 Ke7 38. d5 exd5+ 39. Bxd5 Kd7 40. Bf7 Ke7 41. Bxg6 Ke6 42. h5 1-0

[Event "Early-Titled-Tuesday-Blitz-February-27-2024"]
[Site "Chess.com"]
[Date "2024.02.27"]
[Round "4"]
[White "dealshark"]
[Black "RantomOpening"]
[Result "1/2-1/2"]
[WhiteElo "2414"]
[BlackElo "2585"]
[TimeControl "180+1"]
[EndTime "8:38:31 PST"]
[Termination "Game drawn - insufficient material"]

1. Nf3 d5 2. e3 e6 3. c4 Nf6 4. Nc3 Be7 5. b3 O-O 6. Bb2 c5 7. cxd5 exd5 8. d4 Nc6 9. Be2 Be6 10. O-O h6 11. Rc1 Rc8 12. dxc5 Bxc5 13. Nxd5 Bxd5 14. Rxc5 Be6 15. Qxd8 Rfxd8 16. Bxf6 gxf6 17. Rd1 Rxd1+ 18. Bxd1 Rd8 19. Be2 Nb4 20. a3 Nc6 21. b4 Rd6 22. h3 b6 23. Rc1 a5 24. bxa5 Nxa5 25. Rd1 Rxd1+ 26. Bxd1 Nc4 27. a4 Nb2 28. Bc2 Bd7 29. Nd4 Bxa4 30. Bxa4 Nxa4 31. Kf1 Nc5 32. Ke2 Kg7 33. Kf3 Kg6 34. e4 Nd3 35. Ke3 Nc5 36. f4 Kh5 37. g3 Kg6 38. Nb5 Nb3 39. Nc7 f5 40. exf5+ Kxf5 41. g4+ Kg6 42. h4 f5 43. h5+ Kf6 44. Nd5+ Ke6 45. g5 hxg5 46. h6 gxf4+ 47. Kxf4 Kf7 48. Kxf5 Nd4+ 49. Ke4 Ne6 50. Nxb6 Kg6 51.
h7 Ng5+ 52. Kf4 Nxh7 1/2-1/2

[Event "Early-Titled-Tuesday-Blitz-February-27-2024"]
[Site "Chess.com"]
[Date "2024.02.27"]
[Round "4"]
[White "mightysmasher"]
[Black "Ramla2020"]
[Result "1-0"]
[WhiteElo "2551"]
[BlackElo "2399"]
[TimeControl "180+1"]
[EndTime "8:38:31 PST"]
[Termination "mightysmasher won by resignation"]

1. e4 e5 2. Nf3 d6 3. d4 Nd7 4.
dxe5 dxe5 5. Nc3 c6 6. Bc4 Be7 7. O-O Ngf6 8. Re1 b5 9. Bb3 Qc7 10. Nh4 Nc5 11. Nf5 Bxf5 12. exf5 O-O 13. Bg5 Rad8 14.
Qe2 e4 15. h3 a5 16. a4 b4 17. Bxf6 Bxf6 18. Nxe4 Nxe4 19. Qxe4 Bxb2 20. Rad1 Bc3 21. Rxd8 Qxd8 22. Rf1 Qd6 23. Bc4 h6 24. Bd3 Bf6 25. Qc4 Re8 26. Qb3 Re7 27. Qc4 Re5 28. Qa6 Qc5 29. Qc8+ Kh7 30. Qa6 Kg8 31. Rd1 Rd5 32.
Re1 Re5 33. Rd1 Rd5 34. Qc8+ Kh7 35. Qe8 Qd6 36. Qxf7 Qe7 37. Qxe7 Bxe7 38. f6+ Rxd3 39. Rxd3 Bxf6 40. Rd6 c5 41. Rc6 Bd4 42. Kf1 Kg8 43. Ke2 Kf7 44. Kd3 Bxf2 45. Ra6 h5 46. Rxa5 Ke6 47.
Kc4 Kd6 48. Ra6+ Kc7 49. Rg6 Bd4 50. a5 Kb7 51. a6+ Ka7 52. Kb5 Be3 53. Re6 Bg5 54.
Kxc5 1-0

[Event "Early-Titled-Tuesday-Blitz-February-27-2024"]
[Site "Chess.com"]
[Date "2024.02.27"]
[Round "4"]
[White "FMStan15"]
[Black "ReinisUz"]
[Result "0-1"]
[WhiteElo "2091"]
[BlackElo "2386"]
[TimeControl "180+1"]
[EndTime "8:38:31 PST"]
[Termination "ReinisUz won on time"]

1. e4 e5 2. Nf3 Nc6 3. Bb5 f5 4.
d3 fxe4 5. dxe4 Nf6 6. Bc4 h6 7. Nh4 Bc5 8. O-O Na5 9. Qe2 Nxc4 10. Qxc4 d6 11. Ng6 Rg8 12. Be3 Bb6 13. Bxb6 axb6 14. Nc3 Qd7 15. Nd5 Nxd5 16. Qxd5 Qf7 17. Nh4 Qxd5 18. exd5 g5 19. Nf3 b5 20. Nd2 Bf5 21. c3 Kd7 22. a3 Rg7 23. g3 Rf7 24. f4 Bh3 25. Rf2 gxf4 26. gxf4 exf4 27. Re1 Rg8+ 28. Kh1 Rg5 29. Re4 Rxd5 30. Rd4 Rxd4 31. cxd4 Re7 32. Nf3 Kc6 33. Rc2+ Kd5 34. Kg1 c5 35.
dxc5 dxc5 36. Kf2 Rg7 37. Rd2+ Kc6 38. Ne5+ Kb6 39. Rd6+ Ka5 40. Rxh6 Bg2 41. Rf6 Ka4 42. Rxf4+ Kb3 43. Nd3 c4 44. Nc5+ Kxb2 45. Rf5 Bc6 46. Ne6 Rh7 47. Kg3 Kxa3 48. Nd4 Kb4 49. h4 Kc3 0-1

[Event "Early-Titled-Tuesday-Blitz-February-27-2024"]
[Site "Chess.com"]
[Date "2024.02.27"]
[Round "4"]
[White "IM_ArthurDW08"]
[Black "dropstoneDP"]
[Result "1-0"]
[WhiteElo "2841"]
[BlackElo "3029"]
[TimeControl "180+1"]
[EndTime "8:38:33 PST"]
[Termination "IM_ArthurDW08 won by resignation"]

1. e4 e5 2. Bc4 Nf6 3. d3 c6 4. Nf3 d5 5. Bb3 Bb4+ 6. c3 Bd6 7. Bg5 dxe4 8. dxe4 h6 9. Bh4 Na6 10. O-O Nc5 11. Bc2 Bg4 12. Nbd2 Bc7 13. h3 Bh5 14. g4 Bg6 15. Qe2 Ne6 16. Bg3 h5 17. Nxe5 Bxe5 18. Bxe5 hxg4 19. Nc4 Nd7 20. Rad1 Qg5 21. Bg3 Nf4 22.
Bxf4 Qxf4 23. Qxg4 Qxg4+ 24. hxg4 Ke7 25. f3 f6 26. Ne3 Nc5 27. Nf5+ Bxf5 28. exf5 Rhd8 29. Rfe1+ Kf8 30. b4 Nd7 31. f4 Nb6 32. Bb3 Rxd1 33.
Rxd1 a5 34. bxa5 Rxa5 35. Rd8+ Ke7 36. Rg8 Nd5 37. Rxg7+ Kf8 38. Rxb7 Nxf4 39. Rf7+ Ke8 40. Rxf6 Rc5 41. Rh6 Rxc3 42. f6 Nd5 43. Kf2 Kf7 44.
g5 Rd3 45. Rh7+ Ke6 46. Re7+ Kd6 47. Re2 Rd4 48. Bxd5 Rxd5 49. Re3 Rxg5 50. f7 Rf5+ 51. Rf3 Rxf3+ 52. Kxf3 Ke7 53. a4 Kxf7 54. a5 Ke6 55. a6 Kd7 56. a7 Kc7 57. a8=Q Kb6 58. Qa1 1-0

[Event "Early-Titled-Tuesday-Blitz-February-27-2024"]
[Site "Chess.com"]
[Date "2024.02.27"]
[Round "4"]
[White "HelvertHernandez"]
[Black "NowInChess"]
[Result "1-0"]
[WhiteElo "2007"]
[BlackElo "2260"]
[TimeControl "180+1"]
[EndTime "8:38:33 PST"]
[Termination "HelvertHernandez won by resignation"]

1. e4 e6 2. d4 d5 3. exd5 exd5 4.
Nf3 Nc6 5. Bd3 Bd6 6. c3 Bg4 7. O-O Nge7 8. Bg5 f6 9. Bh4 g5 10. Bg3 Bxg3 11. hxg3 h5 12. Qc2 Rh6 13. Re1 Kf7 14.
Nbd2 Qd6 15. Nf1 Bxf3 16. gxf3 h4 17. g4 Rg8 18. b4 Ng6 19. Bxg6+ Rgxg6 20. Ne3 Ne7 21. Nf5 Nxf5 22. Qxf5 h3 23. Re3 h2+ 24. Kh1 Rg8 25.
Rae1 Rd8 26. Re6 Qd7 27. a4 Rhh8 28. b5 Rh6 29. R1e2 c6 30. bxc6 bxc6 31. a5 Qb7 32. a6 Qc7 33. Rb2 Rb8 34. Rxb8 Qxb8 35. Re1 Qd6 36.
Qc8 Kg6 37. Qe8+ Kg7 38. Re7+ Qxe7 39. Qxe7+ Kg6 40. Qe8+ Kg7 41. Qxc6 f5 42. Qd7+ Kg6 43. Qxf5+ Kg7 44. Qxg5+ Rg6 45. Qxd5 Kh6 46. Qh5+ Kg7 47. Kxh2 Rh6 48. Qxh6+ Kxh6 49. Kg3 Kg5 50. f4+ Kf6 51. f3 Kg6 52. Kh4 Kf6 53. g5+ Kg6 54. Kg4 1-0

[Event "Early-Titled-Tuesday-Blitz-February-27-2024"]
[Site "Chess.com"]
[Date "2024.02.27"]
[Round "4"]
[White "rasmussvane"]
[Black "Iskusnyh"]
[Result "1-0"]
[WhiteElo "2949"]
[BlackElo "2677"]
[TimeControl "180+1"]
[EndTime "8:38:34 PST"]
[Termination "rasmussvane won on time"]

1. Nf3 d5 2. g3 Nf6 3. Bg2 c6 4. O-O Bf5 5. c4 e6 6. Qb3 Qb6 7. d3 Be7 8. cxd5 exd5 9. Qc2 O-O 10. Nc3 h6 11. e4 Bh7 12. Be3 Qa5 13. Rad1 Na6 14. a3 Rfe8 15. h3 Rad8 16. Rfe1 dxe4 17.
dxe4 Bf8 18. Rxd8 Qxd8 19. Nd4 Nc5 20. f3 Nh5 21. Nde2 Qd3 22. Qxd3 Nxd3 23. Rb1 f5 24. g4 fxe4 25. fxe4 Nf6 26. Ng3 Bc5 27. Bxc5 Nxc5 28. Re1 Nd3 29. Re2 Ne5 30. Kf2 Rd8 31.
Rc2 Kf8 32. Bf1 Bg8 33. Nf5 Bb3 34. Re2 h5 35. g5 Nfd7 36. Ke3 g6 37. Nd4 Bc4 38.
Rf2+ Kg7 39. Bxc4 Nxc4+ 40. Ke2 Re8 41. Kd3 Nce5+ 42. Kc2 Nc4 43. a4 1-0

[Event "Early-Titled-Tuesday-Blitz-February-27-2024"]
[Site "Chess.com"]
[Date "2024.02.27"]
[Round "4"]
[White "JJDAREK"]
[Black "Kildepiotr"]
[Result "0-1"]
[WhiteElo "2409"]
[BlackElo "2673"]
[TimeControl "180+1"]
[EndTime "8:38:34 PST"]
[Termination "Kildepiotr won by checkmate"]

1. d4 c5 2. d5 e5 3. e4 d6 4. c4 Be7 5. Nc3 Bg5 6. Bd3 Bxc1 7. Rxc1 Ne7 8. Nge2 O-O 9. O-O Nd7 10.
Kh1 Ng6 11. g3 Nf6 12. f4 Ng4 13. Qd2 exf4 14. Nxf4 N4e5 15. Nxg6 hxg6 16. Rf4 g5 17. Rf2 Bh3 18. b3 Qd7 19. Bf1 a6 20. Qxg5 f6 21. Qh4 Bg4 22. Be2 Bxe2 23. Rxe2 g5 24. Qh5 Kg7 25. Rf2 Rh8 26. Qe2 Ng4 27. Rg2 Rh3 28. e5 Nxe5 29. Ne4 Rah8 30. Rf1 Ng4 31. Kg1 Rxh2 32. Rxh2 Rxh2 33. Qf3 Rh6 34. Qf5 Qxf5 35. Rxf5 Kg6 36. Nxd6 Rh2 37. Rf1 b6 38. Nc8 b5 39.
d6 Rd2 40. Re1 bxc4 41. bxc4 Ne5 42. Rb1 Nxc4 43. Rb7 Nxd6 44. Nxd6 Rxd6 45. Rc7 Rd2 46. Rxc5 Rxa2 47. Rc6 Kf5 48. Rc4 a5 49. Kf1 a4 50.
Kg1 a3 51. Kf1 Rb2 52. Rc5+ Kg4 53. Rc4+ Kh3 54. Rc3 a2 55. g4+ Kxg4 56. Kg1 a1=R+ 57. Rc1 Rxc1# 0-1

[Event "Early-Titled-Tuesday-Blitz-February-27-2024"]
[Site "Chess.com"]
[Date "2024.02.27"]
[Round "4"]
[White "ViktoriyaTarasova"]
[Black "Logman74"]
[Result "1/2-1/2"]
[WhiteElo "2313"]
[BlackElo "2508"]
[TimeControl "180+1"]
[EndTime "8:38:34 PST"]
[Termination "Game drawn by repetition"]

1. d4 Nf6 2. c4 e6 3. Nc3 Bb4 4. e3 O-O 5. Bd3 b6 6. Nf3 Bb7 7. O-O Bxc3 8. bxc3 d6 9. Nd2 Nbd7 10. e4 Qe7 11. f4 e5 12. Qc2 Nh5 13. fxe5 dxe5 14.
Nf3 Rae8 15. Re1 c5 16. d5 h6 17. a4 a5 18. Be3 Ndf6 19. Rf1 Qd6 20. Bd2 Ra8 21. Nh4 Bc8 22. Be2 g5 23. Bxh5 Nxh5 24. Nf5 Bxf5 25. Rxf5 Qg6 26. Raf1 Rad8 27. Kh1 f6 28. g3 Ng7 29. R5f2 Rf7 30. Qb1 Ne8 31. Qxb6 Rdd7 32. Qxc5 Nd6 33. Kg1 Nxe4 34. Qc8+ Kg7 35. Re2 Rc7 36. Qd8 Rxc4 37. d6 Nxd2 38. Rxd2 Rxc3 39. d7 Rd3 40. Rfd1 Rfxd7 41. Qxd7+ Rxd7 42. Rxd7+ Kf8 43. Rd8+ Ke7 44. g4 Qe4 45. R1d7+ Ke6 46. Rd6+ Ke7 47. R6d7+ Ke6 48. Rd6+ Kf7 49. R6d7+ Ke6 1/2-1/2

[Event "Early-Titled-Tuesday-Blitz-February-27-2024"]
[Site "Chess.com"]
[Date "2024.02.27"]
[Round "4"]
[White "Honiex"]
[Black "GianmarcoVaR"]
[Result "1-0"]
[WhiteElo "2554"]
[BlackElo "2717"]
[TimeControl "180+1"]
[EndTime "8:38:36 PST"]
[Termination "Honiex won by resignation"]

1. Nc3 e5 2. Nf3 Nc6 3. d4 exd4 4. Nxd4 d5 5. e4 Nf6 6. Bb5 Bd7 7. exd5 Nxd4 8. Qxd4 Bxb5 9. Nxb5 a6 10. Nc3 Qe7+ 11. Be3 g6 12. O-O-O Bg7 13. Rhe1 O-O 14. Kb1 Rfe8 15. h3 Rad8 16. Re2 Nh5 17. Qd3 Bxc3 18. Qxc3 Nf4 19. Red2 Nxg2 20. Bc5 Qe5 21. Bd4 Qh5 22.
Bh8 Qh6 23. Bf6 Rd6 24. a3 Nf4 25. Be5 Nh5 26. Bxd6 cxd6 27. Qc7 Qf4 28. Qxb7 Nf6 29. Qxa6 Ne4 30. Rd3 Nc5 31. Qb5 Re7 32. Rd4 Qxf2 33.
a4 Rb7 34. Qc4 Qf6 35. a5 Kg7 36. a6 Ra7 37. Rf4 Qe7 38. Qd4+ Qe5 39. Qxe5+ dxe5 40. Rc4 Nxa6 41. d6 Rd7 42. Rc6 Nb4 43. Rc7 Rd8 44.
d7 e4 45. Rc8 Rxc8 46. dxc8=Q e3 47. Qc3+ 1-0

[Event "Early-Titled-Tuesday-Blitz-February-27-2024"]
[Site "Chess.com"]
[Date "2024.02.27"]
[Round "4"]
[White "Goryachkina"]
[Black "kids2010"]
[Result "0-1"]
[WhiteElo "2692"]
[BlackElo "2907"]
[TimeControl "180+1"]
[EndTime "8:38:37 PST"]
[Termination "kids2010 won on time"]

1. e4 c6 2. d4 d5 3. Nd2 dxe4 4. Nxe4 Nf6 5. Nxf6+ exf6 6. c3 Bd6 7. Bd3 O-O 8.
Ne2 Re8 9. O-O Nd7 10. Bf4 Nf8 11. Qd2 Bg4 12. Ng3 Ng6 13. Bxd6 Qxd6 14. Rfe1 Qf4 15. Qxf4 Nxf4 16. Bf1 Be6 17. f3 f5 18. b3 a5 19. Ne2 Nd5 20. c4 Nb4 21. Rec1 a4 22. Nf4 a3 23. Nd3 Nxd3 24. Bxd3 Red8 25. Rd1 Rxd4 26.
Bc2 Rad8 27. Rxd4 Rxd4 28. Rd1 Rxd1+ 29. Bxd1 Kf8 30. Kf2 f4 31. Bc2 Ke7 32. g3 fxg3+ 33. hxg3 Kd6 34. f4 Kc5 35. Ke3 Kb4 36. Kd2 h6 37. f5 Bd7 38. Be4 Be8 39. Bd3 g6 40.
Be4 g5 41. f6 Bd7 42. Bf3 Kc5 43. Bh5 Be6 44. Ke3 Kd6 45. Kd4 b5 46. cxb5 cxb5 47. Kc3 Kc5 48. Kd3 Bxb3 0-1

[Event "Early-Titled-Tuesday-Blitz-February-27-2024"]
[Site "Chess.com"]
[Date "2024.02.27"]
[Round "4"]
[White "inagreV"]
[Black "Chessdreamer2020"]
[Result "0-1"]
[WhiteElo "2399"]
[BlackElo "2544"]
[TimeControl "180+1"]
[EndTime "8:38:37 PST"]
[Termination "Chessdreamer2020 won on time"]

1. e4 d6 2. d4 Nf6 3. Nc3 c6 4. g3 e5 5. Nge2 Nbd7 6. Bg2 b5 7. a3 a5 8. O-O Ba6 9. d5 c5 10. a4 b4 11. Nb5 c4 12. c3 b3 13. Na3 Rc8 14. Be3 Ng4 15. Bd2 Nc5 16. h3 Nf6 17. Bg5 Be7 18. Bxf6 Bxf6 19. Kh2 O-O 20. f4 Nxa4 21.
Qd2 Nc5 22. fxe5 Bxe5 23. Rf5 g6 24. Rf3 Nxe4 25. Qe3 Nc5 26. Raf1 Rc7 27. Nd4 Bxd4 28. Qxd4 Nd7 29. Rf4 Ne5 30. Rh4 Qg5 31. Qb6 Re7 32.
Qxa6 Qd2 33. Rhf4 Qxb2 34. Nxc4 Qxc3 35. Qxd6 Nxc4 36. Qxe7 Ne5 37. Re4 Nc4 38. d6 Nd2 39. d7 Nxf1+ 40. Bxf1 Qd2+ 41. Bg2 b2 42. Re2 Qxe2 43.
Qxe2 b1=Q 44. Qe7 Qd3 45. h4 h5 46. Kh3 a4 47. Bc6 a3 0-1

[Event "Early-Titled-Tuesday-Blitz-February-27-2024"]
[Site "Chess.com"]
[Date "2024.02.27"]
[Round "4"]
[White "Yan_Dyomin2010"]
[Black "SaiAgni_98"]
[Result "0-1"]
[WhiteElo "2744"]
[BlackElo "2568"]
[TimeControl "180+1"]
[EndTime "8:38:38 PST"]
[Termination "SaiAgni_98 won by resignation"]

1. e4 c5 2. Nf3 g6 3. d4 cxd4 4. Qxd4 Nf6 5. c4 Nc6 6. Qe3 d6 7. Nc3 Bg7 8. h3 O-O 9. Be2 Nd7 10. O-O Nc5 11. Rb1 a5 12. b3 f5 13. Bb2 fxe4 14.
Ng5 Bd4 15. Qg3 e5 16. Ncxe4 Nxe4 17. Nxe4 Bf5 18. Bd3 Nb4 19. Bxd4 exd4 20. Rfe1 d5 21. cxd5 Nxd3 22. Qxd3 Qxd5 23. Rbd1 Rad8 24. f3 Kg7 25. Qd2 Bxe4 26. Rxe4 d3 27. Qc3+ Kg8 28. Re3 d2 29. Re2 Qd4+ 30. Qxd4 Rxd4 31. Rexd2 Rxd2 32. Rxd2 Rf7 33. Kf2 Rc7 34. Ke3 Kf7 35. g4 Ke6 36. Kf4 h6 37. h4 Rf7+ 38. Kg3 Rc7 39. Re2+ Kd5 40. Rd2+ Ke5 41. Re2+ Kd5 42. Re3 b5 43. a4 b4 44. Kf4 Rc3 45. Rxc3 bxc3 46. Ke3 Kc5 47. Kd3 Kb4 48. Kc2 g5 49. hxg5 hxg5 50. f4 gxf4 51. g5 f3 52. g6 f2 53. g7 f1=Q 54. g8=Q Qe2+ 0-1

[Event "Early-Titled-Tuesday-Blitz-February-27-2024"]
[Site "Chess.com"]
[Date "2024.02.27"]
[Round "4"]
[White "UnTucopalaTimba"]
[Black "WiktoriaPOL"]
[Result "1-0"]
[WhiteElo "1984"]
[BlackElo "2249"]
[TimeControl "180+1"]
[EndTime "8:38:39 PST"]
[Termination "UnTucopalaTimba won on time"]

1. e4 c5 2. Nf3 d6 3. Bb5+ Nd7 4. d4 cxd4 5. Qxd4 a6 6. Bxd7+ Bxd7 7. Bg5 Qc7 8. Nc3 e6 9. O-O h6 10. Bh4 Bc6 11.
Rad1 e5 12. Qd2 Nf6 13. Bxf6 gxf6 14. Nd5 Bxd5 15. Qxd5 Qc6 16. Rd3 Rc8 17. c3 Qxd5 18.
Rxd5 Kd7 19. Rfd1 Ke6 20. Nh4 Rc6 21. Nf5 Rg8 22. Kf1 h5 23. g3 b5 24. Ke2 Be7 25. Ra1 b4 26. Rc1 Rgc8 27. Kd2 bxc3+ 28. Rxc3 Rc4 29.
f3 Rxc3 30. bxc3 Rb8 31. Kc2 Bf8 32. Ra5 Rb6 33. c4 Rc6 34. Kc3 Kd7 35. Ne3 Ke6 36.
Nd5 f5 37. a4 f4 38. Nb4 Rb6 39. Rxa6 Rxa6 40. Nxa6 fxg3 41. hxg3 Bh6 42. Nb4 Bf4 43.
gxf4 h4 44. Nd3 h3 45. Nf2 exf4 46. Nxh3 Kd7 47. Nxf4 Kc7 48. Nd5+ Kc6 49. a5 Kb7 50. Kb4 1-0

[Event "Early-Titled-Tuesday-Blitz-February-27-2024"]
[Site "Chess.com"]
[Date "2024.02.27"]
[Round "4"]
[White "orkinyo12345"]
[Black "vladgoncharov"]
[Result "0-1"]
[WhiteElo "2483"]
[BlackElo "2656"]
[TimeControl "180+1"]
[EndTime "8:38:40 PST"]
[Termination "vladgoncharov won by resignation"]

1. d4 Nf6 2. c4 c5 3. d5 e6 4. Nc3 exd5 5. cxd5 d6 6. e4 g6 7. Nf3 Bg7 8. Bd3 O-O 9. O-O a6 10. a4 Bg4 11. h3 Bxf3 12. Qxf3 Qe7 13. Re1 Nbd7 14.
Qd1 Rab8 15. a5 Ne8 16. Bf1 Nc7 17. Bd2 b5 18. axb6 Rxb6 19. Na4 Rb7 20. Qc2 Rfb8 21. Rab1 Nb5 22. Bc3 Bd4 23. g3 Qf6 24. Kg2 g5 25.
Rbd1 Ne5 26. Qe2 Bxc3 27. bxc3 Na3 28. Qh5 Nac4 29. Be2 Rb3 30. Rf1 Ra3 31. Ra1 Rxa1 32. Rxa1 Nd2 33. Rd1 Nxe4 34. Rf1 Nd2 35. Rd1 Ndc4 36.
Rf1 Rb3 37. Kg1 Ra3 38. f4 gxf4 39. Rxf4 Qg6 40. Qxg6+ hxg6 41. Bxc4 Rxa4 42. Be2 Ra1+ 43. Rf1 Ra3 44. Kf2 Rxc3 45. Bxa6 Rc2+ 46. Kg1 Rd2 47. Rf6 Rxd5 48. Kf2 Rd4 49. Ke3 Kg7 0-1

[Event "Early-Titled-Tuesday-Blitz-February-27-2024"]
[Site "Chess.com"]
[Date "2024.02.27"]
[Round "4"]
[White "conformalfunction"]
[Black "viktorskliarov"]
[Result "0-1"]
[WhiteElo "2384"]
[BlackElo "2586"]
[TimeControl "180+1"]
[EndTime "8:38:40 PST"]
[Termination "viktorskliarov won on time"]

1. e4 c5 2. Nf3 Nc6 3. Bb5 e6 4.
Bxc6 bxc6 5. b3 Ne7 6. Bb2 Ng6 7. h4 h5 8. d3 f6 9. g3 Ba6 10. Nbd2 Qc7 11. Qe2 Bd6 12. Nc4 Bxc4 13. dxc4 Ne5 14. O-O-O a5 15. Kb1 a4 16. Nxe5 Bxe5 17. Bxe5 Qxe5 18.
f4 Qc7 19. Rhe1 Ke7 20. e5 f5 21. Qe3 Qa7 22. Re2 Rhb8 23. Qd3 Qc7 24. Qd6+ Qxd6 25.
Rxd6 Ra7 26. Kb2 g6 27. Re3 Rbb7 28. Rd1 Rb8 29. Rdd3 a3+ 30. Kc3 Rb4 31. Kd2 Rab7 32. Kc3 Ra7 33. Re1 Rab7 34. Red1 Ra7 35. R3d2 Rab7 36. Kd3 Ra7 37. Rb1 Rab7 38. Ke2 Ke8 39. Rd3 Ke7 40. Kd2 Ke8 41. Kd1 Rxc4 42. Kd2 Rcb4 43.
Rd1 c4 44. Rd4 cxb3 45. Rxb4 Rxb4 46. cxb3 Ke7 47. Kc3 Re4 48. Rd3 c5 0-1

[Event "Early-Titled-Tuesday-Blitz-February-27-2024"]
[Site "Chess.com"]
[Date "2024.02.27"]
[Round "4"]
[White "ArtemDyachuk"]
[Black "kuba2006"]
[Result "1-0"]
[WhiteElo "2697"]
[BlackElo "2453"]
[TimeControl "180+1"]
[EndTime "8:38:42 PST"]
[Termination "ArtemDyachuk won by checkmate"]

1. d4 Nf6 2. Nf3 e6 3. g3 c5 4. Bg2 Nc6 5. O-O d5 6. b3 Be7 7. Bb2 O-O 8. e3 Ne4 9. Qe2 f5 10. c4 b6 11. cxd5 exd5 12. Rd1 Be6 13. dxc5 bxc5 14.
Nc3 Qd7 15. Rac1 Rad8 16. Na4 Qb7 17. Nd2 Nb4 18. a3 Na6 19. Nc3 Bf6 20. Na4 Bxb2 21. Nxb2 c4 22. Bf1 cxb3 23. Qxa6 Qe7 24. Nf3 f4 25.
exf4 Bg4 26. Ne5 Bxd1 27. Rxd1 Nc3 28. Re1 Qc5 29. Qe6+ Kh8 30. Nf7+ Rxf7 31. Qxf7 Ne4 32. Nd3 Qc3 33. Qe7 Rc8 34. Rb1 Nd2 35. Rc1 Qxc1 36. Nxc1 b2 37. Nb3 Nf3+ 38. Kg2 b1=Q 39. Nc5 Ne1+ 40.
Kg1 Qc1 41. Ne6 Nf3+ 42. Kg2 Qc3 43. Nd8 Ne1+ 44. Kh3 g6 45. Qf8# 1-0

[Event "Early-Titled-Tuesday-Blitz-February-27-2024"]
[Site "Chess.com"]
[Date "2024.02.27"]
[Round "4"]
[White "LiamPutnam2008"]
[Black "Viacheslav92"]
[Result "1-0"]
[WhiteElo "2797"]
[BlackElo "2560"]
[TimeControl "180+1"]
[EndTime "8:38:44 PST"]
[Termination "LiamPutnam2008 won by resignation"]

1. d4 Nf6 2. c4 g6 3. Nc3 d6 4. e4 Bg7 5. Nge2 O-O 6. Ng3 e5 7. d5 c6 8. Be2 cxd5 9. cxd5 Na6 10. O-O Nc5 11. Be3 a5 12. Bxc5 dxc5 13. Rc1 Ne8 14.
Na4 b6 15. Qb3 Bd7 16. Bb5 Bxb5 17. Qxb5 Rb8 18. Rfd1 Nd6 19. Qb3 h5 20. Nf1 c4 21.
Qf3 Qd7 22. b3 Rfc8 23. Nd2 b5 24. Nb2 Bh6 25. bxc4 bxc4 26. Qc3 Bxd2 27. Qxd2 Nxe4 28. Qe2 c3 29. Nc4 Nd2 30. Nxd2 cxd2 31. Rxc8+ Rxc8 32. Qxd2 a4 33. d6 Rd8 34. h4 Qe6 35. g3 Rd7 36.
Qb4 Kg7 37. a3 Kh7 38. Rd3 Kg7 39. Qc5 Kh7 40. Rd5 f6 41. Qc6 Kg7 42. Rd2 Kf7 43.
Kh2 Kg7 44. Qc8 e4 45. Qc5 Kf7 46. Qd4 Qe5 47. Qc4+ Qe6 48. Qxa4 Rxd6 49. Qa7+ Kg8 50. Qb8+ Kf7 51. Rxd6 1-0

[Event "Early-Titled-Tuesday-Blitz-February-27-2024"]
[Site "Chess.com"]
[Date "2024.02.27"]
[Round "4"]
[White "NM_Antelacus"]
[Black "bescmelasti"]
[Result "1/2-1/2"]
[WhiteElo "2260"]
[BlackElo "2646"]
[TimeControl "180+1"]
[EndTime "8:38:44 PST"]
[Termination "Game drawn - insufficient material"]

1. e4 c5 2. Nf3 e6 3. c3 d5 4. e5 Nc6 5. d4 Bd7 6. a3 c4 7. Be2 Na5 8. Nbd2 Ne7 9. O-O Nc8 10. Ne1 Nb6 11. Bg4 h5 12. Bh3 g5 13. g3 Be7 14. f4 g4 15. Bg2 Qc7 16. Qe2 O-O-O 17. Nc2 f5 18. exf6 Bxf6 19. Ne3 Qd6 20.
Re1 Rde8 21. Ndf1 Nb3 22. Rb1 Kb8 23. Nd2 Nxd4 24. cxd4 Bxd4 25. Nf1 h4 26. Bd2 hxg3 27. hxg3 e5 28. Bc3 Bxe3+ 29. Nxe3 d4 30. fxe5 Rxe5 31. Rbd1 Qh6 32. Rxd4 Qh2+ 33. Kf1 Rf8+ 34. Rf4 Rxf4+ 35. gxf4 Qxf4+ 36. Qf2 Re4 37. Qxf4+ Rxf4+ 38. Ke2 Rf7 39. Be5+ Kc8 40. Rf1 Re7 41. Bd4 Bc6 42. Bxc6 bxc6 43. Rg1 Re4 44. Bxb6 axb6 45. Rxg4 Rxg4 46. Nxg4 Kc7 47.
Kd2 Kd6 48. Kc3 Kc5 49. Ne5 b5 50. Nd7+ Kd6 51. Nf6 Kc5 52. Ne4+ Kd5 53. Nd2 Kc5 54. Ne4+ Kd5 55. Nf6+ Kc5 56. Ne8 Kb6 57. Kd4 Ka5 58.
Kc5 Ka4 59. Kxc6 b4 60. axb4 Kxb4 61. Nd6 c3 62. bxc3+ Kxc3 1/2-1/2

[Event "Early-Titled-Tuesday-Blitz-February-27-2024"]
[Site "Chess.com"]
[Date "2024.02.27"]
[Round "4"]
[White "Fandorine"]
[Black "ansko1999"]
[Result "0-1"]
[WhiteElo "2901"]
[BlackElo "2727"]
[TimeControl "180+1"]
[EndTime "8:38:45 PST"]
[Termination "ansko1999 won on time"]

1. e4 e5 2. Nf3 Nc6 3. Bb5 a6 4. Ba4 d6 5. O-O Bd7 6. c4 Nf6 7. Nc3 g6 8. Re1 Bg7 9. Bxc6 Bxc6 10. d4 exd4 11. Nxd4 O-O 12. Bg5 h6 13. Bh4 Re8 14. f3 Bd7 15. Qd2 Kh7 16. Rad1 b5 17. b3 Rb8 18. cxb5 axb5 19. Kh1 Qc8 20. Bxf6 Bxf6 21.
Qf4 Kg7 22. Nd5 Be5 23. Qd2 c6 24. Nc3 b4 25. Nce2 Bf6 26. Nc2 d5 27. exd5 cxd5 28. Nxb4 d4 29. Nd5 Be5 30. f4 Bc6 31. fxe5 Bxd5 32. Qxd4 Be6 33. Nf4 Qc2 34. Qd2 Qf5 35.
h3 Rbd8 36. Nxe6+ fxe6 37. Qc3 Rc8 38. Rd7+ Kg8 39. Qe3 g5 40. Qd3 Qxd3 41. Rxd3 Rc2 42. Ra1 Ra8 0-1